 Dungeon Crawl Stone Soup version 0.32-a0-861-g165e151e72 (webtiles) character file.

Game seed: 8461498222650227

34 ThorJanick the Chopper (level 3, 0/43 HPs)
             Began as a Human Berserker on Mar 28, 2024.
             Was a Follower of Trog.
             Slain by a kobold
             ... wielding a +0 short sword
              (2 damage)
             ... on level 1 of the Dungeon.
             The game lasted 00:10:44 (1134 turns).

ThorJanick the Chopper (Human Berserker)            Turns: 1134, Time: 00:10:44

Health: 0/43       AC:  3    Str: 19    XL:     3   Next: 31%
Magic:  3/3        EV: 11    Int:  7    God:    Trog [*.....]
Gold:   53         SH:  0    Dex: 12    Spells: 2/2 levels left

rFire   . . .        a - +0 hand axe
rCold   . . .        (no shield)
rNeg    + . .        l - +0 leather armour
rPois   .            (no helmet)
rElec   .            (no cloak)
rCorr   .            (no gloves)
SInv    .            (no boots)
Will    .....        (no amulet) Stlth
                     n - ring of positive energy
HPRegen 0.27/turn    (no ring)
MPRegen 0.08/turn

%: no passive effects
@: berserking, very quick
A: explore regen
a: Renounce Religion, Berserk


You were on level 1 of the Dungeon.
You worshipped Trog.
Trog was aware of your devotion.
You visited 1 branch of the dungeon, and saw 2 of its levels.

You collected 53 gold pieces.

Inventory:

Hand Weapons
 a - a +0 hand axe (weapon)
 c - a +0 club
 e - a +0 dagger
 o - a +0 sling
Missiles
 d - 8 stones (quivered)
 m - 4 boomerangs
Armour
 b - a +0 animal skin
 l - a +0 leather armour (worn)
Jewellery
 n - a ring of positive energy (left hand)
Scrolls
 h - a scroll of teleportation {unknown}
 i - a scroll of torment {unknown}
 k - a scroll of identify {unknown}
 p - a scroll of immolation {unknown}


   Skills:
 * Level 3.4 Fighting
 * Level 3.6 Axes
 * Level 2.1 Armour
 + Level 2.2 Dodging
 + Level 0.2 Stealth


You had 2 spell levels left.
You didn't know any spells.
Your spell library contained the following spells:

 Spells                   Type           Power      Damage    Failure   Level
 Dazzling Flash           Conj/Hex       0%         N/A       86%         3
 Starburst                Conj/Fire      0%         6d3       100%        6
 Maxwell's Capacitive Co  Air            0%         ∞         100%        8


Dungeon Overview and Level Annotations

Branches:
Dungeon (2/15)

Altars:

Annotations:
D:2 Natasha


Innate Abilities, Weirdness & Mutations

You regain HP and MP as you explore.


Message History

The kobold attacks as it pursues you!
The kobold hits you with a +0 short sword.
* * * LOW HITPOINT WARNING * * *
The rat bites you but does no damage.
Natasha wildly gestures.
Natasha glows brightly for a moment.
Natasha barely misses you.
You can't go up here!
You can't go down here!
The kobold barely misses you. The rat bites you.
* * * LOW HITPOINT WARNING * * *
There is an escape hatch in the ceiling here.
The kobold hits you with a +0 short sword.
* * * LOW HITPOINT WARNING * * *
The rat bites you.
* * * LOW HITPOINT WARNING * * *
The kobold hits you with a +0 short sword.
* * * LOW HITPOINT WARNING * * *
Natasha wildly gestures.
Natasha's front paws start to glow.
Natasha barely misses you. A mysterious force pulls you upwards.
The hatch slams shut behind you.
It was a potion of lignification.
You turn into a tree.
Your +0 leather armour melds into your body.
Your roots penetrate the ground.
The rat bites you but does no damage. The kobold hits you but does no damage.
The rat barely misses you.
It was a potion of cancellation.
Your magical effects are unravelling.
You feel magically purged.
You feel less wooden.
Your +0 leather armour unmelds from your body.
You feel yourself speed up. The kobold closely misses you.
The rat barely misses you. The kobold hits you but does no damage.
It was a potion of berserk rage.
A red film seems to cover your vision as you go berserk!
You feel yourself moving faster!
You feel mighty! The rat bites you.
* * * LOW HITPOINT WARNING * * *
The kobold hits you with a +0 short sword.
You die...

# #.# ##.## +.....#..... #
#.####..## #..<..#..... ##
#.#......## #######.....
.######...#...÷.## ###.......
..#......##.##÷..# ##.........
............##...# #..#.#.....
............###..######.##.##...#
.........>..##..K.......##.######
......).........@r......##.#
........................##.####
...........................)..#
..............................###
................................#
............##..................#
..........#####.................#
....#...### ##............)....#
........# ##..................#


You could see a kobold and a rat.

Vanquished Creatures
  2 dart slugs (D:1)
  A giant cockroach (D:1)
  4 goblins
  6 hobgoblins
  2 kobolds
  A quokka (D:1)
  2 ball pythons (D:1)
  4 bats
  A frilled lizard (D:1)
  4 rats (D:1)
27 creatures vanquished.

Notes
Turn   | Place    | Note
-------+----------+-------------------------------------------
     0 | D:1      | ThorJanick the Human Berserker began the quest for the Orb.
     0 | D:1      | Reached XP level 1. HP: 18/18 MP: 1/1
   100 | D:1      | Reached XP level 2. HP: 8/24 MP: 2/2
   410 | D:1      | Reached XP level 3. HP: 28/29 MP: 3/3
   792 | D:2      | Reached ** piety under Trog
  1036 | D:2      | Noticed Natasha
  1130 | D:2      | HP: 1/29 [kobold/+0 short sword (3)]
  1134 | D:1      | Slain by a kobold

Illustrated notes

Levels and vault maps discovered:
D:1:      minmay_arrival_solitary_statue, layout_rooms,
          nicolae_concentric_dashed_squares_mild
D:2:      layout_loops_ring, serial_shops, shop, feat_on_display, uniq_natasha

Action                     || total
---------------------------++-------
  Melee: Hand axe          ||    67
    Use: Potion            ||     8
   Stab: Sleeping          ||     1
 Armour: Animal skin       ||    41
         Leather armour    ||    70
         Skin              ||     2
  Dodge: Dodged            ||    77

Table legend: (Time is in decaauts)
 A = Elapsed time spent in this place.
 B = Non-inter-level travel time spent in this place.
 C = Inter-level travel time spent in this place.
 D = Time resting spent in this place.
 E = Time spent auto-exploring this place.
 F = Levels seen in this place.
 G = Mean time per level.
                   A        B        C        D        E       F      G
               +--------+--------+--------+--------+--------+-----+--------+
         Total |   1151 |   1147 |      4 |     16 |      0 |   2 |  575.5 |
       Dungeon |   1151 |   1147 |      4 |     16 |      0 |   2 |  575.5 |
               +--------+--------+--------+--------+--------+-----+--------+

Top non-repeatable levels by time:
     D:1: 724 daAuts
     D:2: 427 daAuts
